 Dungeon Crawl Stone Soup version 0.19-a0-1821-g42c593c (webtiles) character file.

227 rgaf the Skirmisher (level 5, -1/44 HPs)
             Began as a Mummy Wanderer on Oct 6, 2016.
             Slain by Edmund
             ... wielding a +2 antimagic dire flail
              (8 damage)
             ... on level 4 of the Dungeon.
             The game lasted 00:04:08 (2986 turns).

rgaf the Skirmisher (Mummy Wanderer)                Turns: 2986, Time: 00:04:08

Health: -1/44      AC:  6    Str: 13    XL:     5   Next: 70%
Magic:  0/5        EV: 10    Int: 12    God:
Gold:   136        SH:  0    Dex: 14    Spells: 0 memorised, 4 levels left

rFire  x . .     SeeInvis .     a - +3 quarterstaff
rCold  + . .     Gourm    .     j - +0 ring mail
rNeg   + + +     Faith    .     (shield currently unavailable)
rPois  ∞         Spirit   .     (no helmet)
rElec  .         Dismiss  .     (no cloak)
rCorr  .         Reflect  .     (no gloves)
MR     .....     Harm     .     r - +0 pair of boots
Stlth  ++........               (no amulet)
                                t - ring of stealth
                                s - ring of wizardry

@: no status effects
A: no food or potions, fire vulnerability, cold resistance 1, negative energy
resistance 3, torment resistance, unbreathing
a: no special abilities


You were on level 4 of the Dungeon.
You were not hungry.

You visited 1 branch of the dungeon, and saw 4 of its levels.

You collected 136 gold pieces.

Inventory:

Hand Weapons
 a - a +3 quarterstaff (weapon)
 b - a +0 mace
Armour
 d - a +0 robe
 g - a +0 leather armour
 j - a +0 ring mail (worn)
 l - a +0 chain mail
 r - a +0 pair of boots (worn)
Jewellery
 s - a ring of wizardry (left hand)
 t - a ring of stealth (right hand)
Wands
 o - a wand of slowing (20/48)
Scrolls
 c - 4 scrolls of teleportation
 e - a scroll of blinking
 f - 4 scrolls of remove curse
 h - a scroll of immolation {unknown}
 i - 2 scrolls of identify
 k - 2 scrolls of fog {unknown}
 m - a scroll of fear {unknown}
 n - a scroll of amnesia
 p - a scroll of magic mapping {unknown}
 q - 2 scrolls of random uselessness {unknown}
 u - a scroll of recharging {unknown}


   Skills:
 - Level 5.0 Fighting
   Level 1.0 Axes
 * Level 3.0 Staves
 - Level 1.0 Throwing
 * Level 2.8 Armour
 - Level 1.0 Dodging
 + Level 2.3 Stealth


You had 4 spell levels left.
You didn't know any spells.

Dungeon Overview and Level Annotations

Branches:
Dungeon (4/15)
 Temple: D:4-7

Altars:
Dithmenos
Uskayaw
Xom
Yredelemnul
The Shining One

Annotations:
D:4 Edmund


Innate Abilities, Weirdness & Mutations

You do not eat or drink.
Your flesh is vulnerable to fire.
You are immune to poison.
Your flesh is cold resistant. (rC+)
You are immune to negative energy. (rN+++)
You are immune to unholy pain and torment.
You can survive without breathing.


Message History

Edmund hits you with an antimagic dire flail.
* * * LOW HITPOINT WARNING * * *
You completely miss Edmund.
Edmund is heavily wounded.
Edmund completely misses you.
You hit Edmund but do no damage.
Edmund is heavily wounded.
Edmund closely misses you.
You barely miss Edmund.
Edmund is heavily wounded.
Edmund barely misses you.
You hit Edmund but do no damage.
Edmund is heavily wounded.
Edmund hits you with an antimagic dire flail.
* * * LOW HITPOINT WARNING * * *
You feel your power leaking away.
You hit Edmund but do no damage.
Edmund is heavily wounded.
Edmund hits you with an antimagic dire flail!
You die...

#. ######
........########
#.# #?.......# #.#
#....@@..#
#.#####........>...
#..............####
#.##...#.......#
#..†..###.......#
#.##..###..##...#
#.###..#..## .?...
#.#..##.....##
.....
#.............


You could see Edmund.

Vanquished Creatures
  A centaur zombie (D:3)
  Terence (D:2)
  Ijyb (D:1)
  5 adders
  4 oozes
  2 dart slugs
  2 leopard geckos (D:1)
  An orc (D:3)
  2 ball pythons (D:1)
  8 bats
  6 giant cockroaches
  14 goblins
  8 hobgoblins
  2 quokkas
  8 frilled lizards
  8 kobolds
  8 rats
81 creatures vanquished.

Notes
Turn   | Place    | Note
-------+----------+-------------------------------------------
     0 | D:1      | rgaf the Mummy Wanderer began the quest for the Orb.
     0 | D:1      | rgaf set off with: a +2 quarterstaff, a +0 mace, a scroll of teleportation, a +0 robe
     0 | D:1      | Reached XP level 1. HP: 21/21 MP: 1/1
   229 | D:1      | Reached XP level 2. HP: 27/27 MP: 2/2
   373 | D:1      | Reached skill level 1 in Armour
   770 | D:1      | Reached XP level 3. HP: 31/33 MP: 3/3
  1423 | D:2      | Found a shimmering altar of Xom.
  1449 | D:2      | Reached XP level 4. HP: 22/39 MP: 4/4
  1710 | D:2      | Noticed Terence
  1725 | D:2      | Killed Terence
  1958 | D:2      | Noticed Ijyb
  1987 | D:1      | Killed Ijyb
  1987 | D:1      | Reached XP level 5. HP: 39/44 MP: 5/5
  2527 | D:3      | Found a glowing golden altar of the Shining One.
  2536 | D:3      | Found a basalt altar of Yredelemnul.
  2565 | D:3      | Found a hide-covered altar of Uskayaw.
  2902 | D:3      | Noticed an angel
  2933 | D:4      | Found a shadowy altar of Dithmenos.
  2946 | D:4      | Noticed Edmund
  2986 | D:4      | Slain by Edmund

Vault maps used:
D:1:      onia_arrival_pentagram, st_stairs_14, hangedman_decor_diamond_cutter
D:2:      kennysheep_the_goblin_king, xom_teletrap_fun, uniq_terence
D:3:      grunt_temple_overflow_holy_war, eat_drink_and_be_merry_uskayaw,
          first_bread, grunt_ministairs_3
D:4:      nicolae_dithmenos_shadow_blocks, kennysheep_little_box,
          grunt_decor_resistance, uniq_edmund, uniq_eustachio,
          uniq_crazy_yiuf_cottage, uniq_duvessa

Skill      XL: |  1  2  3  4  5 |
---------------+----------------+-----
Armour         | 1 2 |  2.8
Staves         | 2 3 |  3.0
Stealth        | 2 |  2.3
Fighting       | |  5.0
Axes           | |  1.0
Throwing       | |  1.0
Dodging        | |  1.0

Action                   |  1- 3 |  4- 6 || total
-------------------------+-------+-------++-------
Melee: Quarterstaff      |   107 |   144 ||   251
  Use: Scroll            |     5 |       ||     5
 Stab: Sleeping          |     1 |     3 ||     4
Armor: Robe              |     6 |       ||     6
       Leather armour    |    22 |     8 ||    30
       Ring mail         |       |    45 ||    45
Dodge: Dodged            |    51 |    88 ||   139
